 Dungeon Crawl Stone Soup version 0.19-a0-994-g3c636f0 (webtiles) character file.

1009 Ijustatesigmund the Skirmisher (level 8, 64/64 HPs)
             Began as a Demonspawn Fighter on July 15, 2016.
             Quit the game on level 6 of the Dungeon.
             The game lasted 00:10:45 (4537 turns).

Ijustatesigmund the Skirmisher (Demonspawn Fighter) Turns: 4537, Time: 00:10:45

Health: 64/64      AC:  9    Str: 17    XL:     8   Next: 1%
Magic:  8/8        EV:  6    Int: 10    God:
Gold:   287        SH:  9    Dex: 14    Spells: 0 memorised, 7 levels left

rFire  . . .     SeeInvis .     A - +0 morningstar
rCold  . . .     Gourm    .     r - +0 chain mail
rNeg   . . .     Faith    .     c - +0 shield
rPois  .         Spirit   .     (helmet restricted)
rElec  .         Dismiss  .     (no cloak)
rCorr  .         Reflect  .     (no gloves)
SustAt .         Harm     .     (boots unavailable)
MR     .....                    (no amulet)
Stlth  ..........               (no ring)
                                (no ring)

@: not resistant to hostile enchantments, extremely unstealthy
A: claws 1, hooves 3, horns 1, powered by death 2
a: no special abilities


You were on level 6 of the Dungeon.
You were not hungry.

You visited 1 branch of the dungeon, and saw 6 of its levels.

You collected 287 gold pieces.

Inventory:

Hand Weapons
 A - a +0 morningstar (weapon)
Armour
 a - a +0 large shield
 c - a +0 shield (worn)
 p - a cursed +0 pair of boots
 r - a +0 chain mail (worn)
 x - a +0 hat
 B - a +2 helmet
Jewellery
 h - an uncursed ring of fire
 w - a cursed ring of loudness {unknown}
Wands
 y - a wand of polymorph (7/24)
Scrolls
 b - a scroll of remove curse
 j - 5 scrolls of teleportation
 n - 3 scrolls of magic mapping
 q - 3 scrolls of amnesia
 u - 2 scrolls of fog
 D - a scroll of enchant armour {unknown}
Potions
 d - a potion of might
 e - 2 potions of curing
 i - a potion of agility
 k - a potion of ambrosia
 l - a potion of haste
 m - a potion of heal wounds
Comestibles
 f - 5 bread rations
 g - 2 royal jellies
 s - a meat ration
 v - 2 slices of pizza
 C - a beef jerky


   Skills:
 + Level 6.0 Fighting
 + Level 4.7 Maces & Flails
 + Level 3.5 Armour
 - Level 3.6 Dodging
 + Level 3.7 Shields


You had 7 spell levels left.
You didn't know any spells.

Dungeon Overview and Level Annotations

Branches:
Dungeon (6/15)
 Temple: D:4-7

Altars:
Nemelex Xobeh
Okawaru
Pakellas
Sif Muna


Innate Abilities, Weirdness & Mutations

You have sharp fingernails.
You have hooves in place of feet.
You have a pair of small horns on your head.
You regenerate health from kills.


Message History

The quokka bites you.
You hit the quokka. Your headbutt misses the quokka.
The quokka is heavily wounded.
The quokka closely misses you.
You closely miss the quokka. Your headbutt misses the quokka.
The quokka is heavily wounded.
You block the quokka's attack. The quokka barely misses you.
Your chain mail prevents you from hitting the quokka.
You headbutt the quokka.
You kill the quokka!
No target in view!
No target in view!
No target in view!
No target in view!
No target in view!
No target in view!
No target in view!
No target in view!
No target in view!
Are you sure you want to abandon this character and quit the game? (Confirm with "yes".)

###.#.#.#..#.........
#..........###.......
#.#.#####.####..##.#.
#.##.#.## #.......##...
#.......# #######.##...
#.##.##.# ########.##...
#.##.##.# #......#.##.#.
#..[.)..###>.....#......
#..####@.##...†......)##
#>........#......####.##
##.#..#.#.#......# #...
#..._..######## #### #.
#.#.# ## .. ... # #. ##
### #. #. ###.


There were no monsters in sight!

Vanquished Creatures
  A phantom (D:4)
  A crocodile (D:5)
  A scorpion (D:4)
  A howler monkey (D:4)
  A centaur zombie (D:6)
  2 centaur skeletons
  3 hounds
  4 orc priests
  5 orc wizards
  2 iguanas
  A worker ant (D:6)
  2 hound skeletons (D:4)
  A worker ant zombie (D:5)
  8 adders
  A shadow imp (D:3)
  An adder skeleton (D:4)
  A worm (D:4)
  2 dart slugs (D:3)
  5 giant geckos
  27 orcs
  3 giant cockroaches
  8 hobgoblins
  14 jackals
  4 quokkas
  8 bats
  4 giant newts
  6 goblins
  7 kobolds
  8 rats
132 creatures vanquished.

Notes
Turn   | Place    | Note
-------+----------+-------------------------------------------
     0 | D:1      | Ijustatesigmund the Demonspawn Fighter began the quest for the Orb.
     0 | D:1      | Reached XP level 1. HP: 18/18 MP: 1/1
   117 | D:1      | Gained mutation: You regenerate a little health from kills. [demonic ancestry]
   117 | D:1      | Reached XP level 2. HP: 24/24 MP: 2/2
   241 | D:1      | Reached skill level 1 in Dodging
   583 | D:1      | Gained mutation: You have sharp fingernails. [demonic ancestry]
   583 | D:1      | Reached XP level 3. HP: 11/29 MP: 3/3
  1342 | D:3      | Gained mutation: You have large cloven feet. [demonic ancestry]
  1342 | D:3      | Reached XP level 4. HP: 37/37 MP: 4/4
  1397 | D:3      | HP: 1/37 [something (2)]
  1420 | D:3      | Reached skill level 4 in Fighting
  1733 | D:3      | Gained mutation: You have hoof-like feet. [demonic ancestry]
  1733 | D:3      | Reached XP level 5. HP: 14/42 MP: 5/5
  2110 | D:3      | Found an oddly glowing altar of Pakellas.
  2110 | D:3      | Found a sparkling altar of Nemelex Xobeh.
  2111 | D:3      | Found a deep blue altar of Sif Muna.
  2794 | D:4      | Gained mutation: You have hooves in place of feet. [demonic ancestry]
  2794 | D:4      | Reached XP level 6. HP: 45/49 MP: 6/6
  3131 | D:4      | Reached skill level 5 in Fighting
  3355 | D:4      | Gained mutation: You regenerate health from kills. [demonic ancestry]
  3355 | D:4      | Reached XP level 7. HP: 36/56 MP: 7/7
  3884 | D:5      | Entered Level 5 of the Dungeon
  4489 | D:6      | Reached skill level 6 in Fighting
  4510 | D:6      | Gained mutation: You are resistant to electric shocks. (rElec) [potion of mutation]
  4510 | D:6      | Gained mutation: You occasionally shout uncontrollably at your foes. [potion of mutation]
  4510 | D:6      | Lost mutation: You are resistant to electric shocks. (rElec) [potion of mutation]
  4511 | D:6      | Gained mutation: You are dopey. (Int -2) [potion of mutation]
  4511 | D:6      | Gained mutation: Your body sometimes deteriorates upon taking damage. [potion of mutation]
  4511 | D:6      | Gained mutation: You are resistant to hostile enchantments. (MR+) [potion of mutation]
  4512 | D:6      | Lost mutation: You are dopey. (Int -2) [potion of cure mutation]
  4512 | D:6      | Lost mutation: Your body sometimes deteriorates upon taking damage. [potion of cure mutation]
  4512 | D:6      | Lost mutation: You occasionally shout uncontrollably at your foes. [potion of cure mutation]
  4512 | D:6      | Lost mutation: You are resistant to hostile enchantments. (MR+) [potion of cure mutation]
  4521 | D:6      | Found an iron altar of Okawaru.
  4532 | D:6      | Gained mutation: You have a pair of small horns on your head. [demonic ancestry]
  4532 | D:6      | Reached XP level 8. HP: 64/64 MP: 8/8
  4537 | D:6      | Quit the game

Vault maps used:
D:1:      mushboom_english_gardens, minmay_quantized
D:2:      wad_floor_pattern_2, serial_bayou_ford_a, kennysheep_generic_room_6
D:3:      gammafunk_temple_overflow_claw, kennysheep_generic_room_5
D:5:      first_bread, lightli_church_of_beogh
D:6:      okawaru_metal_pillars_1_2, kennysheep_mini, serial_shops,
          nicolae_shop_trees, minmay_misc_feat_iff, uniq_edmund

Skill      XL: |  1  2  3  4  5  6  7 |
---------------+----------------------+-----
Maces & Flails | 2 3 4 |  4.7
Dodging        | 1 2 3 |  3.6
Fighting       | 4 5 6 |  6.0
Armour         | 3 |  3.5
Shields        | 3 |  3.7

Action                   |  1- 3 |  4- 6 |  7- 9 || total
-------------------------+-------+-------+-------++-------
Melee: Flail             |   161 |   284 |       ||   445
       Kick              |       |    34 |    33 ||    67
       Morningstar       |       |    23 |   115 ||   138
       Headbutt          |       |       |     1 ||     1
  Use: Scroll            |    12 |     5 |     1 ||    18
       Potion            |       |     5 |     4 ||     9
 Stab: Invisible         |       |     1 |       ||     1
  Eat: Chunk             |     1 |     6 |     5 ||    12
       Pizza             |     1 |       |       ||     1
Armor: Scale mail        |    86 |    82 |       ||   168
       Chain mail        |       |    85 |    63 ||   148
Dodge: Dodged            |    65 |   104 |    33 ||   202
Block: Shield            |    93 |   142 |    79 ||   314
